 Dungeon Sprint DCSS version 0.23.1 (webtiles) character file.

Game seed: 262180752586656023

496742 nuthulu the Axe Maniac (level 21, 204/204 HPs)
             Began as a Formicid Fighter on Mar 4, 2019.
             Was the Champion of Qazlal.
             Escaped with the Orb!
             The game lasted 00:18:25 (2142 turns).

nuthulu the Axe Maniac (Formicid Fighter)           Turns: 2142, Time: 00:18:26

Health: 204/204    AC: 53    Str: 32    XL:     21   Next: 6%
Magic:  38/38      EV: 20    Int: 16    God:    Qazlal [******]
Gold:   0          SH: 44    Dex: 14    Spells: 20/20 levels left

rFire    + + .     SeeInvis +   l - +5 executioner's axe (vamp)
rCold    + + +     Gourm    .   H - +18 shield of the Gong {rElec rN+ MR+ EV-5}
rNeg     + . .     Faith    +   G - +15 Maxwell's patent armour {-Cast -Tele rElec MR+ rCorr}
rPois    .         Spirit   .   (helmet unavailable)
rElec    +         Reflect  .   O - +2 cloak {MR+}
rCorr    +         Harm     .   J - +2 pair of gloves "Ipnoh" {Regen+ Str+4}
MR       +++++     NoCast   +   (no boots)
Stlth    ..........             P - amulet of Paotrao {Faith rF++ Int+4}
HPRegen  0.84/turn              I - ring of Robustness {AC+8}
MPRegen  0.26/turn              v - ring of Suextoej {+Blink rC+++ Str-2 Int+3 Dex+4}

@: studying 2 skills, repel missiles
A: permanent stasis, dig shafts and tunnels, four strong arms, antennae 3,
deterioration 1
0: Orb of Zot
a: Dig, Upheaval, Elemental Force, Disaster Area, Renounce Religion


You escaped.
You worshipped Qazlal.
Qazlal was exalted by your worship.
You were not hungry.

You visited 1 branch

Inventory:

Hand Weapons
 a - a +0 war axe
 l - a +5 vampiric executioner's axe (weapon)
Armour
 b - a +0 scale mail
 c - a +0 shield
 G - the +15 Maxwell's patent armour (worn) {-Cast -Tele rElec MR+ rCorr}
   (You found it in the Dungeon)

   It insulates you from electricity.
   It affects your resistance to hostile enchantments.
   It prevents spellcasting.
   It prevents most forms of teleportation.
   It provides partial protection from all sources of acid and corrosion.
 H - the +18 shield of the Gong (worn) {rElec rN+ MR+ EV-5}
   (You found it in the Dungeon)

   It affects your evasion (-5).
   It insulates you from electricity.
   It protects you from negative energy.
   It affects your resistance to hostile enchantments.
 J - the +2 pair of gloves "Ipnoh" (worn) {Regen+ Str+4}
   (You found it in the Dungeon)

   It affects your strength (+4).
   It increases your rate of regeneration.
 O - a +2 cloak of magic resistance (worn)
Jewellery
 v - the ring of Suextoej (right hand) {+Blink rC+++ Str-2 Int+3 Dex+4}
   (You found it in the Dungeon)

   [ring of intelligence]

   It affects your strength (-2).
   It affects your intelligence (+3).
   It affects your dexterity (+4).
   It renders you almost immune to cold.
   It lets you blink.
 A - a +6 ring of dexterity
 B - a +6 ring of dexterity
 C - a +6 ring of intelligence
 D - a +6 ring of intelligence
 E - a +6 ring of strength
 F - a +6 ring of strength
 I - the ring of Robustness (left hand) {AC+8}
   (You found it in the Dungeon)

   [ring of protection]

   It affects your AC (+8).
 K - an uncursed amulet of regeneration
 M - the ring of Aveetwor {rElec MR+ Str+4}
   (You found it in the Dungeon)

   [ring of protection from magic]

   It affects your strength (+4).
   It insulates you from electricity.
   It affects your resistance to hostile enchantments.
 N - the amulet of the Real Monster {Gourm rPois MP-9 Dex+5}
   (You took it off a spriggan berserker in the Dungeon)

   [amulet of the gourmand]

   It allows you to eat raw meat even when not hungry.
   It affects your dexterity (+5).
   It protects you from poison.
   It affects your magic capacity (-9).
 P - the amulet of Paotrao (around neck) {Faith rF++ Int+4}
   (You found it in the Dungeon)

   [amulet of faith]

   It allows you to gain divine favour quickly.
   It affects your intelligence (+4).
   It greatly protects you from fire.
 Q - an uncursed ring of positive energy
 R - a +3 ring of intelligence
 S - a +5 amulet of reflection
 V - a +3 ring of slaying
Wands
 x - a wand of disintegration (7)
 y - a wand of iceblast (7)
 z - a wand of acid (7)
Scrolls
 k - 4 scrolls of blinking
 m - 4 scrolls of amnesia
 n - 8 scrolls of fog
 o - 2 scrolls of holy word
 p - 5 scrolls of identify
 q - 5 scrolls of remove curse
 r - 2 scrolls of fear
 T - 4 scrolls of enchant weapon
 U - a scroll of brand weapon
 W - 6 scrolls of enchant armour
Potions
 d - 7 potions of might
 e - 8 potions of curing
 g - 14 potions of heal wounds
 h - 10 potions of haste
 i - 7 potions of magic
 j - 3 potions of berserk rage
 s - 2 potions of brilliance
 t - 2 potions of invisibility
 u - 4 potions of resistance
 w - 5 potions of agility
Books
 L - a manual of Summonings
 X - a manual of Stealth
Comestibles
 f - 6 rations


   Skills:
 O Level 27 Fighting
 O Level 27 Axes
 O Level 27 Armour
 O Level 27 Dodging
 + Level 23.2 Shields
 + Level 17.9 Unarmed Combat
 O Level 27 Invocations
 + Level 19.2 Evocations


You had 20 spell levels left.
You didn't know any spells.
Your spell library was empty.

Dungeon Overview and Level Annotations

Branches:
Dungeon (1/1)

Altars:
Ashenzari
Cheibriados
Dithmenos
Elyvilon
Fedhas
Gozag
Hepliaklqana
Kikubaaqudgha
Makhleb
Nemelex Xobeh
Okawaru
Qazlal
Ru
Sif Muna
Trog
Uskayaw
Vehumet
Wu Jian
Xom
Yredelemnul
Zin
The Shining One
Beogh
Jiyva
Lugonu


Innate Abilities, Weirdness & Mutations

You cannot be hasted, slowed, berserked, paralysed or teleported.
You can dig through walls and to a lower floor.
Your four strong arms can wield two-handed weapons with a shield.
You have a pair of large antennae on your head. (SInv)
Your body sometimes deteriorates upon taking damage.


Message History

You see here a crystal ball of energy.
You see here an uncursed staff of wizardry.
You see here an uncursed staff of poison.
You see here a crystal ball of energy.
X - a manual of Stealth You see here the +10 flail "Biuvyn" {crush, Str-5 Dex+4}.
You see here a crystal ball of energy.
There is a transporter here.
You start resting.
Magic restored.
An exit appears before you!
You enter the transporter and appear at another place.
Found the Orb of Zot.
Found a staircase leading out of the dungeon.
You see here the Orb of Zot.
You pick up the Orb of Zot!
The Orb lets out a hideous shriek!
The lords of Pandemonium are not amused.
Beware!
Now all you have to do is get back out of the dungeon!
There is a staircase leading out of the dungeon here.
You have escaped!

............▓.............▓...8©8
.....)......▓.............▓..)|:=
..))))......▓.............▓..}:}}
..|()).....{▓.............▓......
..))))......▓......©......▓......
....(.......▓▓▓▓▓▓▓▓▓▓▓▓▓▓▓......
▓(..(...▓...▓8888888888888▓...††.
▓▓..(..▓▓▓..▓8.§.........8▓...÷.†
▓.....(.▓...▓8§.@.....©..8▓.▓....
............▓8.○§...§....8▓....©.
....©.......▓8888888888888▓▓▓▓▓▓▓
▓▓▓▓▓▓▓▓▓▓▓▓▓▓▓▓▓▓▓▓▓▓▓▓▓▓▓▓▓▓▓▓▓
.....8©8....... ▓........8©8.....


=)||:|}):(([[[} ▓....:)(}))|)=).) |}[.....)[)))=} ▓.:|([).)...)))[.
(})|).))..))}|} ▓.[.((.)})))):.[. )(.†)..).†.)).. ▓..)):().)))).... There were
no monsters in sight!

Vanquished Creatures
  3 Tzitzimimeh (D)
  3 deep elf blademasters (D)
  16 titans (D)
  8 quicksilver dragons (D)
  5 deep elf master archers (D)
  2 krakens (D)
  2 acid blobs (D)
  6 shadow dragons (D)
  7 thorn hunters (D)
  4 nagarajas (D)
  4 azure jellies (D)
  10 fire giants (D)
  9 frost giants (D)
  6 deep elf sorcerers (D)
  5 orc warlords (D)
  5 iron dragons (D)
  3 spriggan defenders (D)
  An ironheart preserver (D)
  3 ghouls (D)
  An ophan (D)
  16 stone giants (D)
  2 vampire knights (D)
  A deep elf demonologist (D)
  An apis (D)
  A lorocyproca (D)
  5 deep elf annihilators (D)
  A blizzard demon (D)
  6 ettins (D)
  4 crystal guardians (D)
  8 death oozes (D)
  2 fire dragons (D)
  4 great orbs of eyes (D)
  5 deep elf high priests (D)
  4 ice dragons (D)
  2 shambling mangroves (D)
  7 naga warriors (D)
  8 anacondas (D)
  A hydra (D)
  A death knight (D)
  2 satyrs (D)
  5 dancing weapons (D)
  5 spriggan air magi (D)
  10 spriggan berserkers (D)
  A vampire mage (D)
  A thrashing horror (D)
  6 deep elf knights (D)
  4 iron golems (D)
  3 skeletal warriors (D)
  11 soul eaters (D)
  3 death drakes (D)
  A shadow wraith (D)
  An unseen horror (shapeshifter) (D)
  A flayed ghost (D)
  2 spriggan druids (D)
  2 swamp dragons (D)
  A swamp dragon (shapeshifter) (D)
  4 orc knights (D)
  A necromancer (D)
  5 deep elf archers (D)
  7 deep elf magi (D)
  5 shining eyes (D)
  2 orc sorcerers (D)
  A wolf spider (D)
  2 ugly things (D)
  An oklob plant (D)
  4 cyclopes (D)
  A vault sentinel (D)
  6 black mambas (D)
  4 guardian serpents (D)
  5 naga magi (D)
  6 eyes of devastation (D)
  2 gargoyles (D)
  A spiny frog (D)
  2 hellions (D)
  2 komodo dragons (D)
  2 dryads (D)
  7 rime drakes (D)
  3 ice devils (D)
  A jumping spider (D)
  2 small abominations (D)
  A troll (D)
  A polar bear (D)
  2 hornets (D)
  A troll (shapeshifter) (D)
  2 wind drakes (D)
  A meliai (shapeshifter) (D)
  A hippogriff (D)
  A blink frog (D)
  22 slime creatures (D)
  A dream sheep (shapeshifter) (D)
  3 air elementals (D)
  A flying skull (D)
  4 vampires (D)
  A wraith (D)
  4 shadows (D)
  4 spriggans (D)
  3 wyverns (D)
  2 yaks (D)
  A spriggan (shapeshifter) (D)
  A golden eye (shapeshifter) (D)
  6 large abominations (D)
  2 golden eyes (D)
  2 humans (shapeshifter) (D)
  3 neqoxecs (D)
  A steam dragon (D)
  3 nagas (D)
  7 water moccasins (D)
  An acid dragon (D)
  5 hell hounds (D)
  3 floating eyes (D)
  A porcupine (D)
  4 orc warriors (D)
  2 necrophages (D)
  A swamp drake (D)
  2 ice beasts (D)
  A black bear (shapeshifter) (D)
  2 eyes of draining (D)
  6 ogres (D)
  A crocodile (D)
  4 bullfrogs (D)
  16 earth elementals (D)
  A scorpion (D)
  A wight (D)
  2 crimson imps (D)
  3 quasits (D)
  7 jellies (D)
  2 iron imps (D)
  2 orc wizards (D)
  A mummy (D)
  3 adders (D)
  6 shadow imps (D)
  3 white imps (D)
  2 ufetubi (D)
  4 adder zombies (D)
  7 adder skeletons (D)
  An adder simulacrum (D)
  A ball python (D)
  4 bat skeletons (D)
  5 bat zombies (D)
  A jackal (D)
  3 ball python zombies (D)
  A giant cockroach simulacrum (D)
  2 giant cockroach zombies (D)
  2 jackal skeletons (D)
  2 jackal zombies (D)
  A leopard gecko skeleton (D)
  4 leopard gecko zombies (D)
  A quokka skeleton (D)
  2 quokka zombies (D)
  54 briar patches (D)
  A butterfly (D)
  3 crawling corpses (D)
  4 tentacles (D)
583 creatures vanquished.

Vanquished Creatures (others)
  A smoke demon (D)
  A white imp (D)
  A bat skeleton (D)
  A bat zombie (D)
  9 briar patches (D)
  9 tentacles (D)
22 creatures vanquished.

Grand Total: 605 creatures vanquished

Notes
Turn   | Place    | Note
-------+----------+-------------------------------------------
     0 | D        | Found the +6 Majin-Bo {vamp, Archmagi MP+6 Int+6}
     0 | D        | Found the +7 great mace "Firestarter" {inner flame, rF++}
     0 | D        | nuthulu the Formicid Fighter began the quest for the Orb.
     0 | D        | Reached XP level 1. HP: 18/18 MP: 1/1
     2 | D        | Found a blossoming altar of Fedhas.
     3 | D        | Found a viscous altar of Jiyva.
     3 | D        | Found a hazy altar of Hepliaklqana.
     3 | D        | Found a transporter.
     3 | D        | Found an opulent altar of Gozag.
     3 | D        | Found an ancient bone altar of Kikubaaqudgha.
     3 | D        | Found a corrupted altar of Lugonu.
     8 | D        | Found a burning altar of Makhleb.
     9 | D        | Found a sacrificial altar of Ru.
     9 | D        | Found a stormy altar of Qazlal.
     9 | D        | Found a deep blue altar of Sif Muna.
     9 | D        | Found an iron altar of Okawaru.
     9 | D        | Found a bloodstained altar of Trog.
     9 | D        | Found a sparkling altar of Nemelex Xobeh.
    28 | D        | Became a worshipper of Qazlal Stormbringer
    34 | D        | Found the +9 heavy crossbow "Sniper" {velocity, Acc+∞ SInv}
    34 | D        | Found the +10 dark maul {crush}
    34 | D        | Found the +15 Maxwell's patent armour {-Cast -Tele rElec
                  | MR+ rCorr}
    34 | D        | Found the +18 shield of the Gong {rElec rN+ MR+ EV-5}
    34 | D        | Found the cursed +14 obsidian axe {chop, +Fly SInv *Curse}
    57 | D        | Reached skill level 5 in Shields
    57 | D        | Reached XP level 2. HP: 26/26 MP: 1/4
    91 | D        | Entered arena 2.
    91 | D        | Noticed a scorpion
    91 | D        | Noticed a jumping spider
    91 | D        | Found a transporter.
    96 | D        | Killed a scorpion
    96 | D        | Reached skill level 5 in Fighting
    96 | D        | Reached skill level 5 in Armour
    96 | D        | Reached XP level 3. HP: 31/33 MP: 4/6
    96 | D        | Reached XP level 4. HP: 37/39 MP: 4/7
   104 | D        | Killed a jumping spider
   104 | D        | Reached skill level 10 in Shields
   104 | D        | Reached XP level 5. HP: 29/44 MP: 5/8
   104 | D        | Reached XP level 6. HP: 34/51 MP: 5/9
   207 | D        | Entered arena 3.
   207 | D        | Noticed a spriggan
   207 | D        | Noticed a spriggan
   207 | D        | Noticed a spriggan
   207 | D        | Found a transporter.
   211 | D        | Killed a spriggan
   211 | D        | Reached * piety under Qazlal
   211 | D        | Reached XP level 7. HP: 56/56 MP: 10/10
   220 | D        | Killed a spriggan
   220 | D        | Reached skill level 10 in Axes
   237 | D        | Killed a spriggan
   237 | D        | Reached XP level 8. HP: 40/63 MP: 11/11
   353 | D        | Entered arena 4.
   353 | D        | Found a transporter.
   356 | D        | Reached ** piety under Qazlal
   380 | D        | Got the ring of Suextoej {+Blink rC+++ Str-2 Int+3 Dex+4}
   385 | D        | Entered arena 5.
   385 | D        | Found a transporter.
   388 | D        | Reached *** piety under Qazlal
   405 | D        | Entered arena 6.
   405 | D        | Found a transporter.
   407 | D        | Reached **** piety under Qazlal
   419 | D        | Entered arena 7.
   419 | D        | Noticed a spriggan
   419 | D        | Noticed a brown ugly thing
   419 | D        | Noticed a meliai
   419 | D        | Noticed a human
   419 | D        | Noticed a shining eye
   420 | D        | Found a transporter.
   422 | D        | Noticed a harpy
   422 | D        | a spriggan changed into a harpy
   423 | D        | Killed a meliai
   423 | D        | Reached ***** piety under Qazlal
   423 | D        | Gained mutation: Your body sometimes deteriorates upon
                  | taking damage. [a shining eye]
   424 | D        | Killed a shining eye
   424 | D        | Reached XP level 9. HP: 68/68 MP: 12/12
   427 | D        | a harpy changed into a black bear
   430 | D        | Killed a brown ugly thing
   430 | D        | Reached skill level 15 in Axes
   440 | D        | Entered arena 8.
   440 | D        | Noticed a komodo dragon
   441 | D        | Found a transporter.
   447 | D        | Killed a komodo dragon
   447 | D        | Reached XP level 10. HP: 74/74 MP: 13/13
   447 | D        | Reached ****** piety under Qazlal
   480 | D        | Entered arena 9.
   480 | D        | Noticed a harpy
   480 | D        | Noticed a green ugly thing
   480 | D        | Noticed an orb spider
   480 | D        | Noticed an unseen horror
   481 | D        | Found a transporter.
   488 | D        | an orb spider changed into a troll
   490 | D        | a harpy changed into a wind drake
   493 | D        | Killed an unseen horror
   502 | D        | Killed a green ugly thing
   667 | D        | Entered arena 10.
   667 | D        | Noticed a wolf spider
   667 | D        | Noticed a shadow wraith
   667 | D        | Noticed an orc knight
   667 | D        | Noticed a death knight
   667 | D        | Noticed an ironheart preserver
   667 | D        | Noticed an unseen horror
   667 | D        | Noticed a vault sentinel
   668 | D        | Found the ring of Robustness {AC+8}
   668 | D        | Found a transporter.
   674 | D        | Noticed an orb spider
   674 | D        | an unseen horror changed into an orb spider
   675 | D        | Killed a wolf spider
   675 | D        | an orb spider changed into a human
   678 | D        | Killed an orc knight
   678 | D        | Reached XP level 11. HP: 62/80 MP: 6/14
   679 | D        | Killed a shadow wraith
   680 | D        | Killed a death knight
   683 | D        | Killed an ironheart preserver
   780 | D        | Entered arena 11.
   781 | D        | Found a transporter.
   788 | D        | Reached skill level 1 in Dodging
   788 | D        | Reached skill level 5 in Invocations
   796 | D        | Got the +2 pair of gloves "Ipnoh" {Regen+ Str+4}
   874 | D        | Entered arena 12.
   877 | D        | Found a transporter.
   901 | D        | Got the ring of Aveetwor {rElec MR+ Str+4}
   941 | D        | Entered arena 13.
   943 | D        | Found a transporter.
   952 | D        | Reached XP level 12. HP: 91/91 MP: 15/17
   967 | D        | Entered arena 14.
   967 | D        | Noticed a frost giant
   967 | D        | Noticed an ice dragon
   968 | D        | Noticed a blizzard demon
   970 | D        | Found the -2 hat of the Alchemist {rElec rPois rF+ rC+ rN+
                  | MR+ rMut rCorr}
   970 | D        | Found a transporter.
   980 | D        | Killed an ice dragon
   981 | D        | Reached skill level 5 in Dodging
   987 | D        | Killed a frost giant
   988 | D        | Killed a blizzard demon
  1016 | D        | Entered arena 15.
  1016 | D        | Noticed an ophan
  1017 | D        | Noticed a lorocyproca
  1017 | D        | Noticed a thrashing horror
  1027 | D        | Killed a lorocyproca
  1027 | D        | Reached skill level 10 in Invocations
  1028 | D        | Reached skill level 10 in Fighting
  1028 | D        | Reached skill level 10 in Armour
  1033 | D        | Killed a thrashing horror
  1035 | D        | Killed an ophan
  1038 | D        | Found a transporter.
  1046 | D        | Entered arena 16.
  1046 | D        | Identified the cursed +1 plate armour of the Buccaneer
                  | {-Tele MP+9 Stlth+}
  1046 | D        | Noticed a vampire mage
  1046 | D        | Noticed a vampire knight
  1046 | D        | Noticed a ghoul
  1046 | D        | Noticed a vampire knight
  1047 | D        | Identified the cursed +1 plate armour "Jiuzuale" {*Corrode
                  | rF- rC+++ Slay+4}
  1047 | D        | Noticed a skeletal warrior
  1051 | D        | Reached XP level 13. HP: 104/104 MP: 21/21
  1057 | D        | Killed a vampire knight
  1063 | D        | Killed a ghoul
  1077 | D        | Killed a vampire knight
  1080 | D        | Found a transporter.
  1149 | D        | Entered arena 17.
  1152 | D        | Noticed a death ooze
  1152 | D        | Noticed a death ooze
  1152 | D        | Noticed a death ooze
  1152 | D        | Noticed a death ooze
  1152 | D        | Noticed a death ooze
  1152 | D        | Noticed an azure jelly
  1155 | D        | Found a transporter.
  1159 | D        | Killed a death ooze
  1161 | D        | Killed a death ooze
  1163 | D        | Killed a death ooze
  1163 | D        | Killed a death ooze
  1164 | D        | Killed an azure jelly
  1165 | D        | Killed a death ooze
  1165 | D        | Reached skill level 10 in Dodging
  1247 | D        | Entered arena 18.
  1248 | D        | Noticed a thorn hunter
  1248 | D        | Noticed a thorn hunter
  1249 | D        | Noticed a shambling mangrove
  1249 | D        | Identified the ring of Vorr {Fire +Blink rPois MP+9 Stlth+}
  1249 | D        | Noticed a spriggan air mage
  1249 | D        | Identified the cursed +0 rapier of Zaunum {elec, +Rage}
  1249 | D        | Noticed a spriggan air mage
  1250 | D        | Noticed a thorn hunter
  1250 | D        | Noticed a thorn hunter
  1250 | D        | Identified the +4 rapier of Qexih {freeze, rElec rN++ MR-
                  | Int+8}
  1254 | D        | Found a transporter.
  1261 | D        | Killed a thorn hunter
  1261 | D        | Reached XP level 14. HP: 85/117 MP: 16/24
  1262 | D        | Killed a thorn hunter
  1267 | D        | Killed a thorn hunter
  1269 | D        | Reached skill level 15 in Invocations
  1273 | D        | Killed a thorn hunter
  1329 | D        | Entered arena 19.
  1332 | D        | Noticed an azure jelly
  1333 | D        | Found the +8 autumn katana {slice, Clar}
  1334 | D        | Found the +8 demon trident "Rift" {distort, reach+}
  1334 | D        | Found the ring of Phasing {EV+8}
  1337 | D        | Reached skill level 15 in Armour
  1337 | D        | Reached skill level 15 in Fighting
  1345 | D        | Killed an azure jelly
  1356 | D        | Found a transporter.
  1369 | D        | Got the amulet of Paotrao {Faith rF++ Int+4}
  1383 | D        | Entered arena 20.
  1400 | D        | Reached XP level 15. HP: 128/128 MP: 27/27
  1425 | D        | Found a transporter.
  1433 | D        | Entered arena 21.
  1437 | D        | Noticed a spriggan defender
  1439 | D        | Noticed a thorn hunter
  1439 | D        | Noticed a spriggan defender
  1441 | D        | Noticed a spriggan defender
  1441 | D        | Noticed a thorn hunter
  1441 | D        | Identified the amulet of the Real Monster {Gourm rPois MP-9
                  | Dex+5}
  1441 | D        | Identified the ring "Jynaoch" {rF+ AC+3}
  1441 | D        | Identified the amulet of the Eight Places {Acrobat *Slow
                  | Int+8 Dex+3}
  1441 | D        | Identified the ring of Xoirrel {rC+++ MP+9 Dex-4 Slay+5
                  | Stlth-}
  1443 | D        | Noticed a thorn hunter
  1451 | D        | Killed a spriggan defender
  1456 | D        | Killed a spriggan defender
  1457 | D        | Killed a thorn hunter
  1458 | D        | Killed a spriggan defender
  1458 | D        | Killed a thorn hunter
  1461 | D        | Killed a thorn hunter
  1474 | D        | Found a transporter.
  1479 | D        | Reached skill level 27 in Axes
  1583 | D        | Entered arena 22.
  1586 | D        | Noticed an orc warlord
  1587 | D        | Noticed a stone giant
  1587 | D        | Noticed an orc warlord
  1587 | D        | Noticed a stone giant
  1587 | D        | Noticed a stone giant
  1588 | D        | Noticed a stone giant
  1588 | D        | Noticed a stone giant
  1588 | D        | Noticed an orc warlord
  1588 | D        | Noticed an orc warlord
  1588 | D        | Identified the +4 war axe of the Priest {freeze, MR- Str+7}
  1589 | D        | Noticed an orc warlord
  1590 | D        | Found the +3 warlock's mirror {reflect}
  1593 | D        | Reached XP level 16. HP: 141/141 MP: 29/29
  1596 | D        | Found a transporter.
  1605 | D        | Reached skill level 15 in Dodging
  1629 | D        | Entered arena 23.
  1633 | D        | Noticed an azure jelly
  1635 | D        | Noticed an acid blob
  1635 | D        | Noticed an azure jelly
  1636 | D        | Noticed an acid blob
  1639 | D        | Killed an azure jelly
  1641 | D        | Killed an azure jelly
  1641 | D        | Killed an acid blob
  1646 | D        | Found a transporter.
  1647 | D        | Killed an acid blob
  1705 | D        | Entered arena 24.
  1709 | D        | Noticed a quicksilver dragon
  1709 | D        | Noticed a quicksilver dragon
  1710 | D        | Noticed a quicksilver dragon
  1710 | D        | Noticed a quicksilver dragon
  1710 | D        | Noticed an iron dragon
  1710 | D        | Noticed a quicksilver dragon
  1711 | D        | Noticed an iron dragon
  1711 | D        | Noticed a quicksilver dragon
  1711 | D        | Noticed a quicksilver dragon
  1711 | D        | Noticed a quicksilver dragon
  1711 | D        | Noticed an iron dragon
  1711 | D        | Noticed an iron dragon
  1713 | D        | Killed a quicksilver dragon
  1713 | D        | Killed a quicksilver dragon
  1713 | D        | Reached XP level 17. HP: 88/155 MP: 32/32
  1713 | D        | Killed a quicksilver dragon
  1713 | D        | Killed a quicksilver dragon
  1714 | D        | Killed a quicksilver dragon
  1717 | D        | Killed a quicksilver dragon
  1721 | D        | Killed a quicksilver dragon
  1731 | D        | Killed a quicksilver dragon
  1752 | D        | Found the +0 mask of the Dragon {MR+ Slay+3 SInv}
  1752 | D        | Found a transporter.
  1778 | D        | Entered arena 25.
  1785 | D        | Identified the +6 great sword of Exquisite Torment {flame,
                  | rC+}
  1785 | D        | Identified the +7 halberd "Cowaibb" {flame, rPois rN+ Str+3
                  | Dex-5}
  1786 | D        | Identified the ring of Ollo {rC+ MR+ Str-5 SInv}
  1790 | D        | Reached skill level 27 in Invocations
  1790 | D        | Reached XP level 18. HP: 160/168 MP: 35/35
  1800 | D        | Found a transporter.
  1917 | D        | Entered arena 26.
  1925 | D        | Noticed a titan
  1925 | D        | Noticed a titan
  1925 | D        | Noticed a titan
  1925 | D        | Noticed a titan
  1925 | D        | Noticed a titan
  1925 | D        | Noticed a titan
  1925 | D        | Noticed a titan
  1925 | D        | Identified the +8 war axe of Duty {flame, Str-5 Int+6}
  1926 | D        | Noticed a titan
  1926 | D        | Noticed a titan
  1926 | D        | Noticed a titan
  1926 | D        | Noticed a titan
  1926 | D        | Noticed a titan
  1926 | D        | Identified the ring of Iliemnea {rPois Int+2 SInv}
  1926 | D        | Noticed a titan
  1927 | D        | Killed a titan
  1927 | D        | Killed a titan
  1927 | D        | Killed a titan
  1927 | D        | Killed a titan
  1927 | D        | Killed a titan
  1927 | D        | Killed a titan
  1927 | D        | Noticed a titan
  1927 | D        | Noticed a titan
  1928 | D        | Killed a titan
  1928 | D        | Killed a titan
  1928 | D        | Reached XP level 19. HP: 164/186 MP: 28/36
  1928 | D        | Killed a titan
  1928 | D        | Killed a titan
  1928 | D        | Killed a titan
  1928 | D        | Killed a titan
  1929 | D        | Noticed a titan
  1931 | D        | Found a transporter.
  1935 | D        | Killed a titan
  1936 | D        | Killed a titan
  1941 | D        | Reached skill level 27 in Fighting
  1941 | D        | Reached skill level 27 in Armour
  1951 | D        | Killed a titan
  1954 | D        | Killed a titan
  1977 | D        | Entered arena 27.
  1986 | D        | Noticed a deep elf blademaster
  1986 | D        | Noticed a deep elf blademaster
  1986 | D        | Noticed a deep elf blademaster
  1986 | D        | Identified the ring of Ascent {rCorr Stlth+}
  1987 | D        | Killed a deep elf blademaster
  1987 | D        | Reached skill level 27 in Dodging
  1987 | D        | Reached skill level 1 in Unarmed Combat
  1987 | D        | Killed a deep elf blademaster
  1987 | D        | Reached skill level 5 in Evocations
  1987 | D        | Reached skill level 5 in Unarmed Combat
  1987 | D        | Reached XP level 20. HP: 180/197 MP: 33/37
  1987 | D        | Reached skill level 15 in Shields
  1987 | D        | Reached skill level 10 in Evocations
  1987 | D        | Reached skill level 10 in Unarmed Combat
  1988 | D        | Identified the ring of Imaisioz {+Blink +Fly rF+ rN+ Int-5}
  1988 | D        | Identified the amulet "Taet" {+Rage rPois Int+5 Slay+2}
  1989 | D        | Identified the +9 rapier of Ludihun {drain, +Blink Str+6}
  1990 | D        | Found a transporter.
  2048 | D        | Entered arena 28.
  2057 | D        | Noticed a Tzitzimitl
  2057 | D        | Noticed a Tzitzimitl
  2058 | D        | Noticed a Tzitzimitl
  2058 | D        | Identified the amulet "Agraickiu" {Harm *Drain Str+2}
  2059 | D        | Reached skill level 15 in Evocations
  2059 | D        | Killed a Tzitzimitl
  2059 | D        | Killed a Tzitzimitl
  2059 | D        | Killed a Tzitzimitl
  2059 | D        | Reached skill level 15 in Unarmed Combat
  2073 | D        | Found the +8 longbow "Zephyr" {speed, Dex+3 SInv}
  2075 | D        | Reached XP level 21. HP: 204/204 MP: 26/38
  2080 | D        | Found a transporter.
  2137 | D        | Got the Orb of Zot
  2142 | D        | Escaped with the Orb!

Skill      XL: |  1  2  3  4  5  6  7  8  9 10 11 12 13 14 15 16 17 18 19 20 21 |
---------------+----------------------------------------------------------------+-----
Fighting       | 4 5 7 10 13 15 17 19 22 25 27 | 27.0
Axes           | 3 4 8 9 10 14 16 19 21 22 23 24 27 | 27.0
Armour         | 4 5 7 10 13 15 17 19 22 25 27 | 27.0
Shields        | 5 6 10 11 12 14 22 23 | 23.2
Invocations    | 3 4 7 10 13 16 18 23 27 | 27.0
Dodging        | 3 7 10 12 14 16 18 22 27 | 27.0
Unarmed Combat | 6 17 | 17.9
Evocations     | 7 18 19 | 19.2

Action                   |  1- 3 |  4- 6 |  7- 9 | 10-12 | 13-15 | 16-18 | 19-21 || total
-------------------------+-------+-------+-------+-------+-------+-------+-------++-------
Melee: Executioner's axe |     5 |    10 |    73 |   103 |   148 |    98 |    67 ||   504
Invok: Disaster Area     |       |       |       |     1 |     3 |     5 |     5 ||    14
  Use: Potion            |     1 |       |     1 |     2 |     2 |     1 |       ||     7
       Scroll            |       |       |     1 |       |       |       |     2 ||     3
  Eat: Ration            |       |       |       |     1 |       |     1 |       ||     2
Armor: Plate armour      |     3 |    10 |    73 |    64 |   127 |    38 |    12 ||   327
Dodge: Dodged            |       |     1 |     9 |     9 |    44 |    26 |    20 ||   109
       Deflected         |       |       |       |       |     5 |     6 |     5 ||    16
Block: Shield            |     6 |    30 |   192 |   175 |   331 |   185 |   122 ||  1041
